 Dungeon Crawl Stone Soup version 0.29.1-15-g9cfb28693d (webtiles) character file.

Game seed: 14439063557687931879

93 nickaroo1289 the Chopper (level 4, 0/41 HPs)
             Began as a Hill Orc Monk on Mar 15, 2023.
             Was a Believer of Kikubaaqudgha.
             Slain by a gnoll
             ... wielding a +0 whip
             ... led by a gnoll bouda
              (4 damage)
             ... on level 4 of the Dungeon.
             The game lasted 00:13:09 (2782 turns).

nickaroo1289 the Chopper (Hill Orc Monk)            Turns: 2782, Time: 00:13:09

Health: 0/41       AC: 10    Str: 15    XL:     4   Next: 61%
Magic:  4/4        EV:  4    Int: 10    God:    Kikubaaqudgha [**....]
Gold:   55         SH:  0    Dex: 13    Spells: 2/3 levels left

rFire   . . .      SeeInvis .   a - +0 hand axe
rCold   . . .      Faith    .   (no shield)
rNeg    . . .      Spirit   .   q - +0 plate armour
rPois   .          Reflect  .   (no helmet)
rElec   .          Harm     .   g - scarf {+Inv}
rCorr   .          Rampage  .   (no gloves)
Will    .....      Rage     3%  (no boots)
Stlth   ..........              (no amulet)
HPRegen 0.13/turn               h - ring of wizardry
MPRegen 0.09/turn               (no ring)

@: no status effects
A: berserk 1, wild magic 1
a: Renounce Religion, Evoke Invisibility, Unearth Wretches


You were on level 4 of the Dungeon.
You worshipped Kikubaaqudgha.
Kikubaaqudgha was pleased with you.
You visited 1 branch of the dungeon, and saw 3 of its levels.

You collected 77 gold pieces.
You spent 22 gold pieces at shops.

Inventory:

Hand Weapons
 a - a +0 hand axe (weapon)
Missiles
 s - 2 poisoned darts (quivered)
Armour
 b - a +0 robe
 g - a scarf of invisibility (worn)
 q - a +0 plate armour (worn)
Jewellery
 h - a ring of wizardry (left hand)
Wands
 t - a wand of roots (13)
Scrolls
 d - a scroll of brand weapon {unknown}
 e - 2 scrolls of vulnerability {unknown}
 k - a scroll of blinking {unknown}
 m - a scroll of fear {unknown}
 n - a scroll of amnesia {unknown}
 o - a scroll of poison {unknown}
 r - a scroll of immolation {unknown}
Potions
 c - a potion of ambrosia
 f - a potion of might
 i - 2 potions of curing
 j - a potion of invisibility {unknown}
 l - a potion of haste
 p - a potion of lignification {unknown}


   Skills:
 + Level 4.4 Fighting
 + Level 5.4 Axes
 + Level 0.7 Armour
 + Level 2.8 Dodging
 - Level 1.6 Stealth
 * Level 0.6 Necromancy


You had 2 spell levels left.
You knew the following spells:

 Your Spells              Type           Power      Damage    Failure   Level
a - Necrotise             Necr           4%         1d4       100%        1

Your spell library contained the following spells:

 Spells                   Type           Power      Damage    Failure   Level
 Apportation              Tloc           0%         N/A       100%        1
 Summon Small Mammal      Summ           0%         N/A       100%        1
 Vampiric Draining        Necr           1%         2d6       100%        3
 Anguish                  Hex/Necr       0%         N/A       100%        4
 Animate Dead             Necr           1%         N/A       100%        4
 Corpse Rot               Necr/Pois/Air  0%         N/A       100%        4
 Dispel Undead            Necr           1%         3d6       100%        4
 Borgnjor's Vile Clutch   Necr/Erth      0%         N/A       100%        5
 Death Channel            Necr           0%         N/A       100%        6
 Simulacrum               Ice/Necr       0%         N/A       100%        6


Dungeon Overview and Level Annotations

Branches:
Dungeon (4/15)
 Temple: D:4-7

Altars:
Kikubaaqudgha

Shops:
D:4 ?


Innate Abilities, Weirdness & Mutations

You sometimes lose your temper in combat.
Your spells are a little harder to cast, but a little more powerful.


Message History

The gnoll hits you with a +0 spear.
A gnoll comes into view. It is wielding a +0 club.
A gnoll comes into view. It is wielding a +0 spear.
The gnoll shouts!
You hit the gnoll.
The gnoll is heavily wounded.
The gnoll hits you with a +0 spear.
You closely miss the gnoll.
The gnoll is heavily wounded.
A goblin comes into view. It is wielding a +0 club.
The gnoll hits you but does no damage.
You barely miss the gnoll.
The gnoll is heavily wounded.
The gnoll hits you with a +0 spear.
You closely miss the gnoll.
The gnoll is heavily wounded.
The gnoll attacks as you move away! The gnoll barely misses you.
The gnoll hits you but does no damage. The gnoll hits you with a +0 whip!
The gnoll attacks as you move away! The gnoll hits you with a +0 whip.
The gnoll hits you from afar with a +0 spear.
The jackal attacks as you move away! The jackal barely misses you.
The gnoll attacks as you move away! The gnoll barely misses you.
The gnoll hits you from afar with a +0 spear.
The jackal attacks as you move away!
The jackal bites you but does no damage.
The gnoll barely misses you. The jackal barely misses you.
The gnoll attacks as you move away! The gnoll hits you but does no damage.
The gnoll attacks as you move away! The gnoll hits you with a +0 whip!
* * * LOW HITPOINT WARNING * * *
The gnoll bouda barks out a call to the hunt!
The gnoll picks up the pace!
The jackal attacks as you move away!
The jackal bites you but does no damage.
The gnoll hits you but does no damage. The jackal barely misses you.
The gnoll is no longer moving quickly.
The gnoll hits you but does no damage. The jackal bites you.
* * * LOW HITPOINT WARNING * * *
The gnoll hits you with a +0 whip.
You die...
Kikubaaqudgha rasps: "You have failed me!
Welcome... death!"

###.## ###..g.##
####.......##
#...........###
#.............##
#.......g......##
#........g......##
##......hg.......#
###....g@.†....##
#####........#
####.##### #..# ###.##
###....# #####....#..#
########.....######..#
#................###..#


You could see a gnoll bouda, 3 gnolls, a jackal and a goblin.

Vanquished Creatures
  An iguana (D:4)
  2 adders
  A worm (D:4)
  A dart slug (D:1)
  3 ball pythons
  4 bats
  6 endoplasms
  3 goblins (D:2)
  6 hobgoblins
  2 jackals (D:1)
  2 quokkas
  3 frilled lizards
  2 kobolds (D:1)
  4 rats
40 creatures vanquished.

Vanquished Creatures (others)
  A hobgoblin (D:4)
  A ball python (D:4)
2 creatures vanquished.

Grand Total: 42 creatures vanquished

Notes
Turn   | Place    | Note
-------+----------+-------------------------------------------
     0 | D:1      | nickaroo1289 the Hill Orc Monk began the quest for the Orb.
     0 | D:1      | Reached XP level 1. HP: 19/19 MP: 1/1
    96 | D:1      | Reached XP level 2. HP: 11/27 MP: 2/2
   264 | D:1      | Found a faded altar of an unknown god.
   279 | D:1      | Prayed at the altar of an unknown god.
   279 | D:1      | Became a worshipper of Kikubaaqudgha
   279 | D:1      | Reached * piety under Kikubaaqudgha
   279 | D:1      | Received a gift from Kikubaaqudgha
   279 | D:1      | Reached ** piety under Kikubaaqudgha
   645 | D:1      | Reached *** piety under Kikubaaqudgha
   645 | D:1      | Received a gift from Kikubaaqudgha
   649 | D:1      | Learned a level 1 spell: Necrotise
  1087 | D:1      | Reached XP level 3. HP: 33/33 MP: 3/3
  1118 | D:1      | Gained mutation: You sometimes lose your temper in combat.
                  | [potion of mutation]
  1118 | D:1      | Gained mutation: Your spells are a little harder to cast,
                  | but a little more powerful. [potion of mutation]
  1154 | D:2      | Reached skill level 5 in Axes
  2369 | D:2      | You fall into a shaft and drop 2 floors!
  2384 | D:4      | Reached XP level 4. HP: 41/41 MP: 4/4
  2494 | D:4      | Found Boasecsal's Distillery.
  2494 | D:4      | Found Kiokk's Magic Scroll Shoppe.
  2517 | D:4      | Bought a scroll of identify for 22 gold pieces
  2782 | D:4      | Slain by a gnoll

Illustrated notes

Levels and vault maps discovered:
D:1:      heliophobic_arrival_ceremonial_halls, layout_basic,
          basic_ecumenical_altar
D:2:      layout_basic, uniq_robin
D:4:      layout_cave_pods, nicolae_wooded_promenade

Skill      XL: |  1  2  3 |
---------------+----------+-----
Axes           | 5 |  5.4
Fighting       | 4 |  4.4
Armour         | |  0.7
Dodging        | |  2.8
Stealth        | |  1.6
Necromancy     | |  0.6

Action                   |  1- 3 |  4- 6 || total
-------------------------+-------+-------++-------
Melee: Hand axe          |    93 |    21 ||   114
Throw: Dart              |       |     3 ||     3
 Cast: Necrotise         |     1 |       ||     1
Invok: Unearth Wretches  |       |     1 ||     1
  Use: Scroll            |     2 |     2 ||     4
       Potion            |     1 |       ||     1
 Stab: Sleeping          |     2 |       ||     2
Armor: Robe              |    20 |       ||    20
       Plate armour      |     3 |    22 ||    25
Dodge: Dodged            |    60 |     8 ||    68
